 Dungeon Crawl Stone Soup version 0.31-a0-152-g6aa68a64a1 (webtiles) character file.

Game seed: 13506092590150644291

345 qw the Shooter (level 6, -15/57 HPs)
             Began as a Naga Hunter on June 10, 2023.
             Demolished by an ogre
             ... wielding a +0 giant club
              (28 damage)
             ... on level 4 of the Dungeon.
             The game lasted 00:01:10 (2949 turns).

qw the Shooter (Naga Hunter)                        Turns: 2949, Time: 00:01:11

Health: -15/57     AC:  3    Str: 14    XL:     6   Next: 58%
Magic:  6/6        EV:  9    Int:  9    God:
Gold:   286        SH:  0    Dex: 16    Spells: 5/5 levels left

rFire   . . .        Y - +0 longbow
rCold   . . .        (shield currently unavailable)
rNeg    . . .        c - +0 leather armour
rPois   +            (no helmet)
rElec   .            (no cloak)
rCorr   .            (no gloves)
SInv    +            (no barding)
Will    .....        (no amulet)
Stlth   ++           (no ring)
HPRegen 0.29/turn    (no ring)
MPRegen 0.10/turn

%: no passive effects
@: about to teleport, short of breath, very slow
A: AC +2, large, see invisible, deformed body, poison resistance, slowness 2,
spit poison 1, naga tail 1
a: Spit Poison


You were on level 4 of the Dungeon.
You visited 1 branch of the dungeon, and saw 4 of its levels.

You collected 286 gold pieces.


Innate Abilities, Weirdness & Mutations

Your serpentine skin is tough. (AC +2)
You have supernaturally acute eyesight. (SInv)
Armour fits poorly on your strangely shaped body.
Your system is resistant to poisons. (rPois)
You cover ground very slowly.
You can spit poison.
You have a snake-like lower body.


   Skills:
 - Level 4.0 Fighting
 + Level 6.2 Ranged Weapons
 - Level 1.5 Dodging
 - Level 1.5 Stealth


You had 5 spell levels left.
You didn't know any spells.
Your spell library was empty.

Inventory:

Hand Weapons
 Y - a +0 longbow (weapon)
Armour
 c - a +0 leather armour (worn)
Scrolls
 b - a scroll of identify
Potions
 a - a potion of curing
 d - a potion of might {unknown}

Dungeon Overview and Level Annotations

Branches:
Dungeon (4/15)
 Temple: D:4-7

Altars:
Ashenzari
Nemelex Xobeh
Vehumet


Message History

Enter note:
Enter note:
Enter note:
Enter note:
Enter note:
Enter note:
Enter note:
2942 ||| INVOKING Spit Poison.
Aiming: Spit Poison (1% risk of failure)
Press: ? - help, Shift-Dir - straight line, f - iguana The splash of poison hits the iguana!
The iguana is heavily wounded.
The ogre shouts!
You shoot an arrow. The arrow barely misses the iguana.
The iguana misses you.
A quokka comes into view.
The iguana bites you!
You shoot an arrow. The arrow hits the iguana.
The iguana is severely wounded.
The iguana bites you!
You shoot an arrow. The arrow barely misses the iguana.
The arrow hits the ogre!
The ogre is moderately wounded.
You have got your breath back.
The iguana bites you. The iguana completely misses you.
2946 ||| INVOKING Spit Poison.
Aiming: Spit Poison (1% risk of failure)
Press: ? - help, Shift-Dir - straight line, f/p - iguana The splash of poison misses the iguana.
The splash of poison hits the quokka.
The quokka is poisoned.
You kill the quokka!
The iguana closely misses you. The ogre barely misses you.
You shoot an arrow. The arrow hits the iguana!
You kill the iguana!
The ogre hits you with a +0 giant club!!
2948 ||| READING scroll of teleportation.
As you read the scroll of teleportation, it crumbles to dust.
You feel strangely unstable.
You shoot an arrow. The arrow barely misses the ogre.
The ogre hits you with a +0 giant club!!
You die...

#>....#.....#..........##...##
#.....#.....'..........#......
#.....#%....#..........#......
#.....#.>...#...............##
......##.....#......###'###..##
......#......#......#.....#....
#......#......#.....#....
#......#......#.._..#....
#####+##@.....#.....#.###
.......O####.#.....#....
........# #.#######....
....%...# #............
........# ##...........
........# #......#....
........# #......#....
........# #......# ...


You could see an ogre.

Vanquished Creatures
  A jelly (D:4)
  An iguana (D:4)
  Natasha (thrice) (D:3)
  An orc wizard (D:3)
  3 gnolls (D:4)
  4 adders
  An ufetubus (D:4)
  4 worms
  4 dart slugs
  5 orcs
  9 ball pythons
  8 bats
  8 endoplasms
  5 giant cockroaches
  3 goblins
  4 hobgoblins
  10 jackals
  5 quokkas
  3 frilled lizards
  6 kobolds
  9 rats
97 creatures vanquished.

Notes
Turn   | Place    | Note
-------+----------+-------------------------------------------
     0 | D:1      | qw the Naga Hunter began the quest for the Orb.
     0 | D:1      | Reached XP level 1. HP: 19/19 MP: 1/1
     0 | D:1      | 0 ||| qw: Version: 0.2-a-29-g767f381
     0 | D:1      | 0 ||| qw: Game counter: 3923
     0 | D:1      | 0 ||| qw: Always use a shield: true
     0 | D:1      | 0 ||| qw: God list: Okawaru
     0 | D:1      | 0 ||| qw: Allow faded altars: false
     0 | D:1      | 0 ||| qw: Do Orc after D:15 true
     0 | D:1      | 0 ||| qw: Do second Lair branch before Depths: true
     0 | D:1      | 0 ||| qw: Lair rune preference: random
     0 | D:1      | 0 ||| qw: Plans: Normal
     0 | D:1      | 0 ||| PLANNING D:1-11
    29 | D:1      | 29 ||| INVOKING Spit Poison.
    34 | D:1      | 34 ||| INVOKING Spit Poison.
   112 | D:1      | 112 ||| INVOKING Spit Poison.
   181 | D:1      | 181 ||| INVOKING Spit Poison.
   225 | D:1      | Reached skill level 4 in Ranged Weapons
   225 | D:1      | Reached XP level 2. HP: 26/26 MP: 2/2
   275 | D:1      | 275 ||| INVOKING Spit Poison.
   289 | D:1      | 289 ||| INVOKING Spit Poison.
   295 | D:1      | 295 ||| INVOKING Spit Poison.
   301 | D:1      | 301 ||| INVOKING Spit Poison.
   344 | D:1      | 344 ||| INVOKING Spit Poison.
   347 | D:1      | 347 ||| INVOKING Spit Poison.
   351 | D:1      | 351 ||| INVOKING Spit Poison.
   502 | D:1      | 502 ||| INVOKING Spit Poison.
   512 | D:1      | 512 ||| INVOKING Spit Poison.
   517 | D:1      | 517 ||| INVOKING Spit Poison.
   620 | D:1      | 620 ||| INVOKING Spit Poison.
   625 | D:1      | 625 ||| INVOKING Spit Poison.
   759 | D:1      | 759 ||| INVOKING Spit Poison.
   760 | D:1      | Reached XP level 3. HP: 32/32 MP: 3/3
   829 | D:1      | 829 ||| INVOKING Spit Poison.
   984 | D:1      | 984 ||| INVOKING Spit Poison.
  1082 | D:1      | 1082 ||| DROPPING ring of flight.
  1083 | D:1      | 1083 ||| READING scroll labelled ETEROB UDIB.
  1084 | D:1      | 1084 ||| READING scroll labelled ADUIHI GUSU.
  1085 | D:1      | 1085 ||| READING 2 scrolls labelled HEOPUACVUN.
  1086 | D:1      | 1086 ||| READING scroll labelled ZOUGIB PINIODI.
  1089 | D:1      | 1089 ||| DROPPING scroll of butterflies.
  1090 | D:1      | 1090 ||| DROPPING scroll of noise.
  1169 | D:2      | 1169 ||| INVOKING Spit Poison.
  1171 | D:2      | Found a sparkling altar of Nemelex Xobeh.
  1201 | D:2      | 1201 ||| INVOKING Spit Poison.
  1207 | D:2      | 1207 ||| INVOKING Spit Poison.
  1213 | D:2      | 1213 ||| INVOKING Spit Poison.
  1243 | D:2      | 1243 ||| INVOKING Spit Poison.
  1248 | D:2      | 1248 ||| INVOKING Spit Poison.
  1293 | D:2      | 1293 ||| INVOKING Spit Poison.
  1306 | D:2      | 1306 ||| INVOKING Spit Poison.
  1311 | D:2      | 1311 ||| INVOKING Spit Poison.
  1374 | D:2      | 1374 ||| INVOKING Spit Poison.
  1435 | D:2      | 1435 ||| INVOKING Spit Poison.
  1448 | D:2      | 1448 ||| INVOKING Spit Poison.
  1450 | D:2      | Reached skill level 5 in Ranged Weapons
  1450 | D:2      | Reached XP level 4. HP: 39/39 MP: 4/4
  1454 | D:2      | 1454 ||| INVOKING Spit Poison.
  1502 | D:2      | 1502 ||| INVOKING Spit Poison.
  1525 | D:2      | 1525 ||| INVOKING Spit Poison.
  1543 | D:2      | 1543 ||| INVOKING Spit Poison.
  1550 | D:2      | 1550 ||| INVOKING Spit Poison.
  1554 | D:2      | 1554 ||| INVOKING Spit Poison.
  1753 | D:2      | Identified the +2 chain mail of Lightning Storm {+Inv
                  | Str+2}
  1771 | D:2      | 1771 ||| READING 3 scrolls labelled KEORYCWA XUNENT.
  1772 | D:2      | 1772 ||| READING scroll labelled POEKAI EROLIPU.
  1773 | D:2      | 1773 ||| READING scroll labelled LUHEYSOPUCH.
  1774 | D:2      | 1774 ||| READING 2 scrolls of identify.
  1774 | D:2      | 1774 ||| IDENTIFYING lumpy clear potion
  1775 | D:2      | 1775 ||| DROPPING 2 scrolls of magic mapping.
  1799 | D:3      | 1799 ||| INVOKING Spit Poison.
  1848 | D:3      | 1848 ||| INVOKING Spit Poison.
  1849 | D:3      | 1849 ||| Stepping ~*~*~tactically~*~*~ (outnumbered).
  1853 | D:3      | 1853 ||| INVOKING Spit Poison.
  1855 | D:3      | Reached skill level 3 in Fighting
  1872 | D:3      | 1872 ||| INVOKING Spit Poison.
  1899 | D:3      | 1899 ||| INVOKING Spit Poison.
  1912 | D:3      | 1912 ||| INVOKING Spit Poison.
  1913 | D:3      | Reached XP level 5. HP: 49/49 MP: 5/5
  1920 | D:3      | Found a broken altar of Ashenzari.
  1935 | D:3      | Found a radiant altar of Vehumet.
  1979 | D:3      | Noticed Natasha
  1981 | D:3      | 1981 ||| INVOKING Spit Poison.
  1987 | D:3      | Killed Natasha
  2041 | D:3      | 2041 ||| INVOKING Spit Poison.
  2056 | D:3      | 2056 ||| INVOKING Spit Poison.
  2137 | D:3      | Noticed Natasha
  2138 | D:3      | 2138 ||| SWAPPING to +0 longbow.
  2139 | D:3      | 2139 ||| DROPPING +1 shortbow of freezing.
  2145 | D:3      | 2145 ||| INVOKING Spit Poison.
  2148 | D:3      | Killed Natasha
  2151 | D:3      | Noticed Natasha
  2152 | D:3      | Killed Natasha
  2165 | D:3      | 2165 ||| INVOKING Spit Poison.
  2168 | D:3      | 2168 ||| INVOKING Spit Poison.
  2172 | D:3      | 2172 ||| INVOKING Spit Poison.
  2194 | D:3      | 2194 ||| INVOKING Spit Poison.
  2304 | D:3      | 2304 ||| READING scroll labelled NOOFAXKIFE.
  2305 | D:3      | 2305 ||| DRINKING 2 fizzy coppery potions.
  2306 | D:3      | 2306 ||| READING 2 scrolls of identify.
  2306 | D:3      | 2306 ||| IDENTIFYING fuming grey potion
  2307 | D:3      | 2307 ||| DROPPING potion of brilliance.
  2340 | D:4      | Reached skill level 6 in Ranged Weapons
  2340 | D:4      | Reached XP level 6. HP: 56/56 MP: 6/6
  2348 | D:4      | 2348 ||| INVOKING Spit Poison.
  2384 | D:4      | 2384 ||| INVOKING Spit Poison.
  2423 | D:4      | 2423 ||| INVOKING Spit Poison.
  2424 | D:4      | 2424 ||| INVOKING Spit Poison.
  2461 | D:4      | 2461 ||| INVOKING Spit Poison.
  2466 | D:4      | 2466 ||| INVOKING Spit Poison.
  2472 | D:4      | 2472 ||| INVOKING Spit Poison.
  2547 | D:4      | 2547 ||| INVOKING Spit Poison.
  2567 | D:4      | 2567 ||| INVOKING Spit Poison.
  2621 | D:4      | 2621 ||| INVOKING Spit Poison.
  2633 | D:4      | 2633 ||| INVOKING Spit Poison.
  2641 | D:4      | 2641 ||| INVOKING Spit Poison.
  2672 | D:4      | 2672 ||| INVOKING Spit Poison.
  2678 | D:4      | 2678 ||| INVOKING Spit Poison.
  2682 | D:4      | 2682 ||| INVOKING Spit Poison.
  2684 | D:4      | HP: 10/57 [gnoll/+0 flail (8)]
  2685 | D:4      | 2685 ||| READING 2 scrolls of teleportation.
  2685 | D:4      | HP: 4/57 [gnoll/+0 flail (6)]
  2686 | D:4      | 2686 ||| DRINKING potion of heal wounds.
  2687 | D:4      | 2687 ||| INVOKING Spit Poison.
  2895 | D:4      | Found a sparkling altar of Nemelex Xobeh.
  2942 | D:4      | 2942 ||| INVOKING Spit Poison.
  2946 | D:4      | 2946 ||| INVOKING Spit Poison.
  2947 | D:4      | HP: 12/57 [ogre/+0 giant club (22)]
  2948 | D:4      | 2948 ||| READING scroll of teleportation.
  2949 | D:4      | Demolished by an ogre

Levels and vault maps discovered:
D:1:      dpeg_chamrin_arrival_tetris, layout_loops_ring, serial_forest,
          infiniplex_forest_pool, infiniplex_forest_lined_room_2,
          infiniplex_forest_end_2, infiniplex_forest_clump_medium,
          infiniplex_forest_end_3, infiniplex_forest_pool,
          infiniplex_forest_split, skrybe_limestone_x, hangedman_decor_growths
D:2:      layout_basic, basic_altar, minivault_25, minivault_25, st_stairs_2,
          hex_tiny, minmay_misc_feat_alley
D:3:      layout_basic, mainiacjoe_overflow_large_starburst, uniq_natasha
D:4:      layout_gridville, amcnicky_altar_gilded

Skill      XL: |  1  2  3  4  5  6 |
---------------+-------------------+-----
Ranged Weapons | 4 5 6 |  6.2
Fighting       | 3 4 |  4.0
Dodging        | |  1.5
Stealth        | |  1.5

Action                     |  1- 3 |  4- 6 || total
---------------------------+-------+-------++-------
   Fire: Shortbow          |    64 |    54 ||   118
         Longbow           |       |    52 ||    52
Ability: Spit Poison       |    31 |    37 ||    68
    Use: Scroll            |     4 |     8 ||    12
         Potion            |       |     2 ||     2
 Armour: Leather armour    |    10 |     9 ||    19
  Dodge: Dodged            |    10 |    30 ||    40

Table legend:
 A = Non-vault XP
 B = Vault XP
 C = Vault XP percentage of total XP
 D = Non-vault monster count
 E = Vault monster count
 F = Vault count percentage of total count
                 A         B        C        D         E       F
            +---------+---------+-------+---------+---------+-------
      Total |     455 |      39 |   7.9 |      93 |       4 |   4.1
            +---------+---------+-------+---------+---------+-------
        D:1 |      42 |       0 |   0.0 |      24 |       0 |   0.0
        D:2 |      66 |       4 |   5.7 |      29 |       3 |   9.4
        D:3 |     135 |      35 |  20.6 |      18 |       1 |   5.3
        D:4 |     212 |       0 |   0.0 |      22 |       0 |   0.0
            +---------+---------+-------+---------+---------+-------
